AoeStats
← andonihc9

Arena

509145359Analyzed
1v1 RM · 7d ago on Sep 25, 2026· 43m 44s· 2 players
Game mode
Random Map
Map size
Tiny (2 player)
Population
200
Speed
Normal
Resources
Standard
Victory
Conquest
Starting age
Dark Age
Ending age
Imperial Age
RankedLock teamsTeams togetherTeam positionsShared explorationLock speedFull tech treeHidden civsTurbo modeCheats
Victory
Defeat
🇹🇷 Chinese · Türkiye
866
+15
🇲🇽 Byzantines · Mexico
854
-41
andonihc9
0:55 Loom
11:40 Feudal Age
12:14 Double-Bit Axe
18:58 Castle Age
17:05 Fletching
17:30 Horse Collar
20:38 Bow Saw
23:44 Gold Mining
23:50 Stone Mining
25:42 Bodkin Arrow
26:15 Elite Skirmisher
28:43 Murder Holes
31:08 Fortified Wall
32:55 Forging
32:45 Scale Mail Armor
34:28 Wheelbarrow
36:05 Chain Mail Armor
37:09 Thumb Ring
37:30 Heavy Plow
37:47 Hand Cart
38:56 Light Cavalry
39:37 Husbandry
46:21 Imperial Age
IImparator
0:27 Loom
10:04 Feudal Age
10:42 Double-Bit Axe
18:16 Castle Age
16:39 Stone Mining
16:35 Horse Collar
18:43 Gold Mining
19:21 Bow Saw
21:22 Gold Shaft Mining
22:06 Stone Shaft Mining
21:45 Heavy Plow
24:53 Fletching
26:14 Murder Holes
33:03 Imperial Age
31:21 Bodkin Arrow
31:21 Heated Shot
31:53 Ballistics
33:06 Wheelbarrow
32:36 Padded Archer Armor
35:20 Chemistry
35:23 Two-Man Saw
34:29 Bracer
34:40 Forging
36:33 Rocketry
37:27 Leather Archer Armor
37:25 Masonry
38:10 Elite Chu Ko Nu
39:26 Architecture
40:00 Ring Archer Armor
40:58 Conscription
41:49 Iron Casting
41:35 Hand Cart
41:06 Town Watch
41:44 Thumb Ring
41:00 Elite Skirmisher
43:23 Town Patrol
44:26 Blast Furnace
43:27 Scale Mail Armor
Connection lost

Rejoining the realm…

Still unreachable

The connection could not be restored.

Session expired

The server has moved on; the page needs a fresh start.